 Dungeon Crawl Stone Soup version bcrawl-1.19.2-6-g6a88ae04c9 (webtiles) character file.

Game seed: 7439904791193953985

723 Freyura the Cudgeler (level 7, 0/61 HPs)
             Began as a Minotaur Fighter on Jan 12, 2020.
             Slain by an adder (3 damage)
             ... on level 5 of the Dungeon.
             The game lasted 00:09:03 (2447 turns).

Freyura the Cudgeler (Minotaur Fighter)             Turns: 2447, Time: 00:09:03

Health: 0/61       AC: 15    Str: 26    XL:     7   Next: 43%
Magic:  6/6        EV:  9    Int:  5    God:
Gold:   230        SH: 10    Dex: 11    Spells: 6/6 levels left

rFire    + + .     SeeInvis .   a - +0 flail
rCold    x . .     Gourm    .   c - +0 shield
rNeg     . . .     Faith    .   v - +0 fire dragon scales
rPois    .         Spirit   .   (helmet restricted)
rElec    +         Reflect  .   s - +0 cloak
rCorr    .         Harm     .   w - +0 pair of gloves
MR       .....                  j - +2 pair of boots
Stlth    ..........             (no amulet)
HPRegen  0.20/turn              e - ring of insulation
MPRegen  0.10/turn              (no ring)

@: mighty
A: retaliatory headbutt, horns 2
a: no special abilities


You were on level 5 of the Dungeon.
You were very hungry.

You visited 1 branch of the dungeon, and saw 5 of its levels.

You collected 230 gold pieces.

Inventory:

Hand Weapons
 a - a +0 flail (weapon)
Armour
 c - a +0 shield (worn)
 j - a +2 pair of boots (worn)
 s - a +0 cloak (worn)
 v - +0 fire dragon scales (worn)
 w - a +0 pair of gloves (worn)
Jewellery
 b - an uncursed amulet of rage
 e - a ring of insulation (left hand)
Wands
 t - a wand of polymorph (4)
 A - a wand of paralysis (7)
Scrolls
 l - a scroll of identify
 n - a scroll of remove curse
 p - 2 scrolls of blinking {unknown}
 r - a scroll of teleportation {unknown}
 y - a scroll of magic mapping
 C - a scroll of enchant weapon {unknown}
Potions
 g - a potion of ambrosia {unknown}
 h - a potion of curing {unknown}
 i - 3 potions of degeneration {unknown}
 k - a potion of mutation {unknown}
 m - 2 potions of brilliance {unknown}
 o - a potion of haste {unknown}
 q - a potion of lignification {unknown}
 x - a potion of agility {unknown}
 z - a potion of magic {unknown}
 B - a potion of cancellation {unknown}
 D - a potion of resistance {unknown}
Comestibles
 f - 8 rations {!d}


   Skills:
 + Level 5.3 Fighting
 * Level 6.2 Maces & Flails
 + Level 5.3 Armour
 + Level 3.5 Dodging
 + Level 5.3 Shields


You had 6 spell levels left.
You didn't know any spells.
Your spell library was empty.

Dungeon Overview and Level Annotations

Branches:
Dungeon (5/12)
 Temple: D:4-7

Altars:
Sif Muna

Shops:
D:4 :

Annotations:
D:5 Menkaure


Innate Abilities, Weirdness & Mutations

You reflexively headbutt those who attack you in melee.
You have a pair of horns on your head.


Message History

The jackal barely misses you. You furiously retaliate!
You headbutt the jackal.
The phantom blinks!
You block the adder's attack. Menkaure hits you but does no damage.
You feel very mighty all of a sudden. The jackal closely misses you.
The adder bites you but does no damage.
The jackal bites you but does no damage.
You completely miss the jackal. Your headbutt misses the jackal.
The jackal is severely wounded.
The adder bites you but does no damage.
Menkaure calls on the powers of darkness!
The ogre convulses!
Your body is wracked with pain!
* * * LOW HITPOINT WARNING * * *
The adder convulses!
The ice beast convulses!
The bullfrog convulses!
The hound convulses!
You block the jackal's attack. The ogre hits you with a +0 giant club.
* * * LOW HITPOINT WARNING * * *
You thump the jackal!
You kill the jackal!
The adder bites you.
You die...

..# ... ..# ##....# ..
#..##.#### ≈.. #.
#..#.....#≈...
.####.##..#.....#....
........W##..........
#####...OM##..........
.(....ZFS@†Y..........
##.#...###...........
.....>#..#...#<..##..
#.### #.....######
#........# #..####.#.#
....## ..... #....
##...# .>.#.# .....


You could see a phantom, an ice beast, an ogre, a bullfrog, Menkaure, an adder
and a hound skeleton.

Vanquished Creatures
  Grinder (D:4)
  A scorpion (D:4)
  2 crimson imps (D:4)
  A jelly (D:5)
  Crazy Yiuf (D:2)
  An orc wizard (D:3)
  A centaur skeleton (D:5)
  Ijyb (D:3)
  Natasha (thrice) (D:3)
  A worker ant (D:4)
  Robin (D:3)
  A worker ant zombie (D:3)
  4 gnolls (D:4)
  5 adders
  An ooze (D:3)
  A worm (D:2)
  3 leopard geckos
  5 orcs (D:3)
  2 giant cockroaches
  7 hobgoblins
  8 jackals
  4 quokkas
  3 ball pythons
  3 bats
  4 frilled lizards
  9 goblins
  3 kobolds
  7 rats
84 creatures vanquished.

Notes
Turn   | Place    | Note
-------+----------+-------------------------------------------
     0 | D:1      | Freyura the Minotaur Fighter began the quest for the Orb.
     0 | D:1      | Reached XP level 1. HP: 19/19 MP: 0/0
   216 | D:1      | Reached XP level 2. HP: 26/27 MP: 1/1
   343 | D:1      | Reached skill level 3 in Maces & Flails
   483 | D:1      | Reached skill level 1 in Dodging
   680 | D:2      | Reached XP level 3. HP: 31/33 MP: 2/2
   934 | D:2      | Found a runed door.
   989 | D:2      | Noticed Crazy Yiuf
   997 | D:2      | Killed Crazy Yiuf
  1028 | D:3      | Noticed Ijyb
  1168 | D:3      | Killed Ijyb
  1168 | D:3      | Reached XP level 4. HP: 36/40 MP: 3/3
  1201 | D:3      | Reached skill level 4 in Maces & Flails
  1335 | D:3      | Reached XP level 5. HP: 40/47 MP: 4/4
  1517 | D:3      | Noticed Natasha
  1522 | D:3      | Killed Natasha
  1569 | D:3      | Noticed Natasha
  1576 | D:3      | Killed Natasha
  1662 | D:3      | Noticed Robin
  1678 | D:3      | Killed Robin
  1724 | D:3      | Noticed Natasha
  1730 | D:3      | Killed Natasha
  1730 | D:3      | Reached XP level 6. HP: 53/53 MP: 5/5
  1834 | D:4      | Noticed Grinder
  1839 | D:4      | Paralysed by Grinder for 3 turns
  1848 | D:4      | Killed Grinder
  1848 | D:4      | Reached skill level 5 in Fighting
  1848 | D:4      | Reached skill level 5 in Maces & Flails
  1848 | D:4      | Reached skill level 5 in Shields
  1868 | D:4      | Reached skill level 5 in Armour
  1912 | D:4      | Reached XP level 7. HP: 47/61 MP: 6/6
  2108 | D:4      | Reached skill level 6 in Maces & Flails
  2140 | D:4      | Found Mygrip's Book Shoppe.
  2276 | D:4      | Found a shimmering blue altar of Sif Muna.
  2390 | D:5      | Entered Level 5 of the Dungeon
  2433 | D:5      | Noticed Menkaure
  2446 | D:5      | HP: 3/61 [ogre/+0 giant club (6)]
  2447 | D:5      | Slain by an adder

Skill      XL: |  1  2  3  4  5  6  7 |
---------------+----------------------+-----
Maces & Flails | 3 4 5 6 |  6.2
Dodging        | 1 2 3 |  3.5
Fighting       | 4 5 |  5.3
Armour         | 4 5 |  5.3
Shields        | 4 5 |  5.3

Action                   |  1- 3 |  4- 6 |  7- 9 || total
-------------------------+-------+-------+-------++-------
Melee: Flail             |    83 |   132 |    38 ||   253
       Headbutt          |    15 |    22 |     6 ||    43
       Unarmed           |    18 |    12 |       ||    30
  Use: Scroll            |     2 |     2 |       ||     4
       Potion            |       |       |     1 ||     1
  Eat: Chunk             |       |     3 |     1 ||     4
Armor: Scale mail        |    35 |    10 |       ||    45
       Skin              |     3 |     3 |       ||     6
       Fire dragon scale |       |    86 |    27 ||   113
Dodge: Dodged            |    51 |    81 |    14 ||   146
Block: Shield            |    38 |    91 |    23 ||   152
